 Dungeon Crawl Stone Soup version 0.28.0-43-g3370ac3207 (webtiles) character file.

Game seed: 13199318264381564510

25 Ablot the Grasshopper (level 3, 0/31 HPs)
             Began as a Gnoll Warper on Mar 5, 2022.
             Succumbed to a kobold's poison
             ... on level 2 of the Dungeon.
             The game lasted 00:01:05 (1374 turns).

Ablot the Grasshopper (Gnoll Warper)                Turns: 1374, Time: 00:01:06

Health: 0/31       AC:  3    Str: 12    XL:     3   Next: 4%
Magic:  9/9        EV: 12    Int: 12    God:
Gold:   30         SH:  0    Dex: 11    Spells: 9/11 levels left

rFire   . . .      SeeInvis .   a - +0 trident
rCold   . . .      Faith    .   (no shield)
rNeg    . . .      Spirit   .   b - +0 leather armour
rPois   .          Reflect  .   (no helmet)
rElec   .          Harm     .   (no cloak)
rCorr   .          Rampage  .   (no gloves)
Will    .....                   (no boots)
Stlth   +.........              (no amulet)
HPRegen 0.10/turn               (no ring)
MPRegen 0.11/turn               (no ring)

@: lethally poisoned (0 -> -21)
A: fangs 1, strong nose, distributed training
a: no special abilities


You were on level 2 of the Dungeon.
You visited 1 branch of the dungeon, and saw 2 of its levels.

You collected 30 gold pieces.

Inventory:

Hand Weapons
 a - a +0 trident (weapon)
Missiles
 d - 5 boomerangs of dispersal (quivered)
 e - 16 stones
 i - 42 arrows
 m - 18 sling bullets
Armour
 b - a +0 leather armour (worn)
Scrolls
 c - a scroll of blinking
 f - a scroll of silence {unknown}
 l - a scroll of magic mapping {unknown}
Potions
 g - a potion of flight {unknown}
 h - a potion of heal wounds {unknown}
 j - a potion of lignification {unknown}
 k - a potion of curing {unknown}
 n - a potion of might {unknown}


   Skills:
 + Level 4.5 Fighting
 + Level 0.5 Short Blades
 + Level 0.5 Long Blades
 + Level 0.5 Axes
 + Level 0.5 Maces & Flails
 + Level 4.5 Polearms
 + Level 0.5 Staves
 + Level 0.5 Slings
 + Level 0.5 Bows
 + Level 0.5 Crossbows
 + Level 2.5 Throwing
 + Level 2.5 Armour
 + Level 4.5 Dodging
 + Level 0.5 Stealth
 + Level 0.5 Shields
 + Level 0.5 Unarmed Combat
 + Level 4.9 Spellcasting
 + Level 0.4 Conjurations
 + Level 0.4 Hexes
 + Level 0.4 Summonings
 + Level 0.4 Necromancy
 + Level 5.4 Translocations
 + Level 0.4 Transmutations
 + Level 0.4 Fire Magic
 + Level 0.4 Ice Magic
 + Level 0.4 Air Magic
 + Level 0.4 Earth Magic
 + Level 0.4 Poison Magic
 + Level 0.7 Invocations
 + Level 0.5 Evocations


You had 9 spell levels left.
You knew the following spells:

 Your Spells              Type           Power      Damage    Failure   Level
a - Blink                 Tloc           30%        N/A       4%          2

Your spell library contained the following spells:

 Spells                   Type           Power      Damage    Failure   Level
 Gell's Gravitas          Tloc           15%        N/A       9%          3
 Lesser Beckoning         Tloc           15%        N/A       9%          3
 Teleport Other           Tloc           15%        N/A       9%          3
 Manifold Assault         Tloc           15%        N/A       61%         5


Dungeon Overview and Level Annotations

Branches:
Dungeon (2/15)

Altars:


Innate Abilities, Weirdness & Mutations

You have very sharp teeth.
Your uncanny sense of smell can sniff out nearby items.
Your experience applies equally to all skills.


Message History

You climb downwards.
There is a stone staircase leading up here.
Found a spear.
A kobold comes into view. It is wielding a +0 dagger of venom.
The kobold shouts!
You barely miss the kobold. You bite the kobold, but do no damage.
The kobold completely misses you.
You hit the kobold.
The kobold is severely wounded.
The kobold hits you with a +0 dagger of venom.
You are poisoned.
You closely miss the kobold.
The kobold is severely wounded.
You feel very sick.
The kobold hits you with a +0 dagger of venom.
You are more poisoned.
The kobold hits you with a +0 dagger of venom.
You are lethally poisoned!
You closely miss the kobold.
The kobold is severely wounded.
You feel very sick. The kobold barely misses you.
You miss the kobold. Your bite misses the kobold.
The kobold is severely wounded.
You feel very sick. The kobold barely misses you.
You closely miss the kobold.
The kobold is severely wounded.
* * * LOW HITPOINT WARNING * * *
You feel very sick. The kobold barely misses you.
You closely miss the kobold.
The kobold is severely wounded.
* * * LOW HITPOINT WARNING * * *
You feel very sick. The kobold hits you but does no damage.
You are more poisoned.
You closely miss the kobold. You punch the kobold, but do no damage.
The kobold is severely wounded.
You die...

##### #. #.<.# #.
#.#.# ##.##.#.####
##.....#....#######
##.....#####........
##.......#....#######
#..........####
#...K@..#.#
#....)....#
#.#######.# # #.# #.#
..# ###


You could see a kobold.

Vanquished Creatures
  2 dart slugs (D:1)
  2 bats (D:1)
  An endoplasm (D:2)
  A giant cockroach (D:1)
  3 goblins (D:1)
  2 jackals (D:1)
  2 kobolds (D:1)
  A quokka (D:1)
  2 ball pythons (D:1)
  2 frilled lizards (D:1)
18 creatures vanquished.

Notes
Turn   | Place    | Note
-------+----------+-------------------------------------------
     0 | D:1      | Ablot the Gnoll Warper began the quest for the Orb.
     0 | D:1      | Reached XP level 1. HP: 20/20 MP: 6/6
     1 | D:1      | Noticed an electric eel
   281 | D:1      | Reached XP level 2. HP: 20/26 MP: 7/7
   293 | D:1      | Learned a level 2 spell: Blink
  1210 | D:1      | Reached XP level 3. HP: 28/31 MP: 9/9
  1374 | D:2      | Succumbed to a kobold's poison

Illustrated notes

Levels and vault maps discovered:
D:1:      arrival_aquarium_a, layout_loops_ring, roderic_lattice_a
D:2:      layout_loops_ring, corexii_corridor_pit, uniq_terence

Action                   || total
-------------------------++-------
Melee: Spear             ||    76
       Bite              ||     5
       Trident           ||     9
       Punch             ||     1
 Stab: Sleeping          ||     1
Armor: Leather armour    ||    11
Dodge: Dodged            ||    40
